 Dungeon Crawl Stone Soup version 0.14-a0-2592-g262d02f (webtiles) character file.

87 4tharraofdagon the Ducker (level 2, -1/23 HPs)
             Began as a Merfolk Warper on Feb 12, 2014.
             Slain by a mummy (14 damage)
             ... on Level 4 of the Dungeon.
             The game lasted 00:03:22 (593 turns).

4tharraofdagon the Ducker (Merfolk Warper)           Turns: 593, Time: 00:03:22

HP  -1/23        AC  6     Str 11      XL: 2   Next: 91%
MP   4/4         EV  7     Int 12      God:
Gold 65          SH  0     Dex 13      Spells:  2 memorised,  2 levels left

rFire  . . .     SeeInvis .     j - +0 orc war axe
rCold  . . .     Clarity  .     h - +0 scale mail
rNeg   . . .     Conserve .     (no shield)
rPois  .         rCorr    .     (no helmet)
rElec  .         rRot     .     (no cloak)
SustAb . .       Spirit   .     (no gloves)
rMut   .         Warding  .     (no boots)
Gourm  +         Stasis   .     n - amulet of the gourmand
MR     .....                    (no ring)
                                i - ring of wizardry

@: not resistant to hostile enchantments, extremely unstealthy
A: change form in water, swift swim
a: no special abilities


You were on level 4 of the Dungeon.
You were not hungry.

You visited 1 branch of the dungeon, and saw 4 of its levels.

You collected 65 gold pieces.

Inventory:

Hand weapons
 a - a +0,+0 hand axe
 j - a +0,+0 orcish war axe (weapon)
Missiles
 e - 13 darts (quivered)
 f - 10 darts of dispersal
Armour
 b - a +0 leather armour
 h - a +0 scale mail (worn)
 s - a cursed +0 elven leather armour
Comestibles
 g - 2 bread rations
 q - a choko
 t - a snozzcumber
 u - a meat ration
Scrolls
 d - a scroll of blinking
 l - a scroll of curse armour {unknown}
 v - a scroll of recharging {unknown}
Jewellery
 i - a ring of wizardry (left hand)
 n - an amulet of the gourmand (around neck)
Potions
 k - 3 potions of curing
 m - a potion of might
 o - a potion of invisibility {unknown}
 p - a potion of berserk rage {unknown}
 r - a potion of cure mutation {unknown}
Books
 c - a book of Spatial Translocations

   Spells                             Type                      Level
   *Apportation                       Translocation                1
   *Blink                             Translocation                2
   Shroud of Golubria                 Charms/Translocation         2
   Portal Projectile                  Translocation                3
   Teleport Other                     Translocation                3
   Passage of Golubria                Translocation                4


   Skills:
 + Level 2.6 Fighting
 * Level 1.9 Axes
 - Level 1.0 Throwing
 + Level 0.7 Armour
 + Level 3.3 Dodging
 - Level 2.0 Spellcasting
 + Level 2.4 Translocations


You had 2 spell levels left.
You knew the following spells:

 Your Spells              Type           Power        Failure   Level  Hunger
a - Apportation           Tloc           #.........   58%         1    ##.....
b - Blink                 Tloc           N/A          77%         2    ###....


Dungeon Overview and Level Annotations

Branches:
Dungeon (4/16)
 Temple: D:4-7

Altars:
Cheibriados

Portals:
Ossuary: D:4


Message History

Found an escape hatch in the floor.
You open the door.
There is an open door here.
You open the door.
A mummy comes into view.
You hear the slow hiss of an avalanche of sand.
The mummy moves out of view.
Found a sand-covered staircase.
You found a dart trap!
There is an open door here.
You barely miss the mummy. You completely miss the mummy. The mummy hits you.
You slash the mummy!
The mummy is moderately damaged.
The mummy hits you.
You slash the mummy!
The mummy is severely damaged.
The mummy hits you!
Ouch! That really hurt!
You die...

..........
##.#.#...#
.........
##..#.#..##
.........
#...#.#..>
.........
#.#...##.#
........ #.##..#
. .......
#.###... .###.#
.#######.#.##..#
.# .
.........#^.##..
##
#######..@M.∩##
#......#..##
#.####.#.##
#.### ..# #.#
... ... #


You could see a mummy.

Vanquished Creatures
  2 oozes
  2 orcs
  A bat (D:2)
  2 giant cockroaches
  A hobgoblin (D:3)
  2 giant newts
  A kobold (D:4)
  10 rats
21 creatures vanquished.

Notes
Turn   | Place    | Note
--------------------------------------------------------------
     0 | D:1      | 4tharraofdagon, the Merfolk Warper, began the quest for the Orb.
     0 | D:1      | Reached XP level 1. HP: 16/16 MP: 3/3
    70 | D:2      | Reached skill level 3 in Dodging
   110 | D:2      | Reached XP level 2. HP: 23/23 MP: 4/4
   204 | D:3      | Found a snail-covered altar of Cheibriados.
   460 | D:4      | Learned a level 2 spell: Blink
   587 | D:4      | Found a sand-covered staircase.
   593 | D:4      | Slain by a mummy

Action                   || total
-------------------------++-------
Melee: Hand axe          ||    51
       War axe           ||    24
Throw: Dart              ||     2
  Use: Potion            ||     2
       Scroll            ||     1
